 Dungeon Crawl Stone Soup version 0.16-a0-3253-g5709529 (webtiles) character file.

81143 MrRokkomies the Fencer (level 15, 99/111 HPs)
             Began as a High Elf Warper on Dec 22, 2014.
             Was an Initiate of Gozag.
             Starved to death
             ... on level 13 of the Dungeon on Dec 23, 2014.
             The game lasted 03:16:59 (33145 turns).

MrRokkomies the Fencer (High Elf Warper)           Turns: 33145, Time: 03:16:59

Health: 99/111     AC: 14    Str: 12    XL:     15   Next: 25%
Magic:  31/31      EV: 27    Int: 18    God:    Gozag
Gold:   288        SH:  0    Dex: 25    Spells: 7 memorised, 3 levels left

rFire  + . .     SeeInvis +     a - +0 great sword (flame)
rCold  + . .     Clarity  .     W - +2 ring mail "Clibear" {Slay+6}
rNeg   . . .     SustAb   .     (no shield)
rPois  .         Gourm    .     t - +0 helmet {SInv}
rElec  +         Spirit   .     i - +1 cloak
rCorr  .         Warding  .     w - +0 pair of gloves
rMut   .         Stasis   .     (no boots)
MR     +....                    R - amulet of faith
Stlth  ++........               y - ring of protection from cold
                                m - ring of protection from fire

@: agile, flying, very slightly contaminated, starving, repel missiles,
invisible, somewhat resistant to hostile enchantments, unstealthy
A: repulsion field 1, blurry vision 1, electricity resistance
a: Potion Petition, Call Merchant, Bribe Branch, Renounce Religion


You were on level 13 of the Dungeon.
You worshipped Gozag.
Gozag was noncommittal.
You were starving.

You visited 3 branches of the dungeon, and saw 25 of its levels.
You also visited: Ice Cave.

You collected 10529 gold pieces.
You spent 5095 gold pieces at shops.
You paid 5146 gold pieces to Gozag.

Inventory:

Hand weapons
 a - a +0 great sword of flaming (weapon)
 b - a +1 shortbow of flaming
Missiles
 n - 8 curare-tipped needles
 s - 319 arrows
 u - 4 poisoned arrows
 D - a throwing net (quivered)
 J - 16 arrows of dispersal
Armour
 i - a +1 cloak (worn)
 t - a +0 helmet of see invisible (worn)
 w - a +0 pair of gloves (worn)
 W - the +2 ring mail "Clibear" (worn) {Slay+6}
   (You bought it in a shop on level 12 of the Dungeon)

   It affects your accuracy and damage with ranged weapons and melee attacks
   (+6).
Rods
 c - a +3 rod of inaccuracy (12/12)
   (You bought it in a shop on level 4 of the Orcish Mines)
 e - a +4 rod of shadows (13/13)
   (You bought it in a shop on level 10 of the Dungeon)
Jewellery
 h - an uncursed ring of see invisible
 m - a ring of protection from fire (left hand)
 q - an uncursed ring of invisibility
 r - an uncursed ring of teleportation
 x - an uncursed amulet of regeneration
 y - a ring of protection from cold (right hand)
 H - an uncursed ring of teleport control
 R - an amulet of faith (around neck)
Magical devices
 l - a wand of teleportation (4)
 v - a wand of draining (7)
 E - a wand of disintegration (13)
 F - a wand of invisibility (8)
 L - a wand of fireball (5)
 V - a wand of lightning (2)
Scrolls
 B - 5 scrolls of remove curse
 G - a scroll of brand weapon
 M - 3 scrolls of immolation
Potions
 f - 3 potions of haste
 k - 2 potions of might
 o - 2 potions of curing
 p - a potion of magic {unknown}
 z - 3 potions of agility
 A - 2 potions of resistance
 X - a potion of cancellation
Miscellaneous
 g - a fan of gales
 j - a disc of storms
 C - a phial of floods


   Skills:
 * Level 13.2 Fighting
 * Level 17.3 Long Blades
 - Level 10.0 Bows
 - Level 1.1 Throwing
 - Level 10.0 Armour
 - Level 10.7 Dodging
 - Level 2.4 Spellcasting
 - Level 4.1 Charms
 - Level 3.2 Translocations
 - Level 10.0 Evocations


You had 3 spell levels left.
You knew the following spells:

 Your Spells              Type           Power        Failure   Level  Hunger
a - Apportation           Tloc           ##........   8%          1    #......
b - Blink                 Tloc           N/A          12%         2    ##.....
c - Shroud of Golubria    Chrm/Tloc      ###.......   10%         2    ##.....
d - Repel Missiles        Chrm/Air       #.....       14%         2    ##.....
e - Swiftness             Chrm/Air       #.......     14%         2    ##.....
f - Portal Projectile     Tloc           ##....       21%         3    ###....
g - Regeneration          Chrm/Necr      #.........   28%         3    ###....


Dungeon Overview and Level Annotations

Branches:
Dungeon (13/15)            Temple (0/1) D:7            Lair (8/8) D:10
 Shoals (0/5) Lair:3        Snake (0/5) Lair:3        Slime (0/6) Lair:8
    Orc (4/4) D:11            Elf (0/3) Orc:3
 Vaults: D:13-14

Altars:
Ashenzari
Cheibriados
Dithmenos
Fedhas
Gozag
Kikubaaqudgha
Makhleb
Qazlal
Ru
The Shining One
Beogh

Shops:
D:10 }   D:12 [   D:14 %   Orc:2 [   Orc:3 }   Orc:4 [}([

Annotations:
D:13 Psyche
Lair:8 exclusion: 3 oklob plants


Innate Abilities, Weirdness & Mutations

You are surrounded by a mild repulsion field (EV +2).
Scrolls take you a little longer to read.
You are resistant to electric shocks.


Message History

The hippogriff completely misses you. The hippogriff barely misses you.
The hippogriff completely misses you. The hippogriff completely misses you.
The hippogriff pecks you but does no damage.
The hippogriff claws you but does no damage.
The skeletal warrior hits you with a short sword!
Use which ability? (? or * to list) [a] - 234 gold - heal wounds and berserk rage [b] - 584 gold - curing, magic, haste and agility [c] - 350 gold - flight, agility and invisibility Purchase which effect?
You no longer have enough gold to petition Gozag for potion effects.
You feel very buoyant.
You fly up into the air.
You feel more agile all of a sudden.
You fade into invisibility!
The hippogriff completely misses you. x3
A skeletal warrior comes into view. It is wielding a mace.
You have starved to death.
You die...
Your body crumbles into a pile of gold. z

.....######### $
...z....@Ho.W#
....########.# ..#
#.# #.# #.## @. #.#
#W.# #.####.####z#
.#.<........o#####
#........o........#
#######.#.$..###.#


You could see 2 skeletal warriors, a hippogriff, a shadow (invisible) and an
orc.

Vanquished Creatures
  An orc warlord (Orc:4)
  2 ice dragons (IceCv)
  6 hydras
  A centaur warrior (D:13)
  13 death yaks
  The ghost of runewalsh the Frost Mage, a powerful OpIE of Vehumet (D:10)
  An orc high priest (Orc:3)
  3 catoblepae (Lair:8)
  2 unseen horrors
  Pikel (D:8)
  A griffon (Lair:8)
  2 orc knights
  4 orc sorcerers
  28 elephants
  14 black mambas
  Joseph (D:8)
  A centaur zombie (D:9)
  A queen ant (Lair:5)
  2 kobold demonologists (D:13)
  3 centaur skeletons
  8 spiny frogs
  11 komodo dragons
  A fire drake (Lair:4)
  Sonja (D:13)
  3 trolls
  A boulder beetle (Lair:5)
  17 blink frogs
  2 basilisks
  8 wyverns
  24 yaks
  4 hungry ghosts
  7 hippogriffs
  A wraith (D:12)
  2 steam dragons
  Edmund (D:8)
  8 wolves
  17 water moccasins
  3 wargs
  22 soldier ants
  10 porcupines
  21 ice beasts
  34 orc warriors
  A mottled dragon (D:11)
  7 ogres
  3 sky beasts
  2 black bears
  3 phantoms
  A necrophage (D:5)
  The ghost of bitcomrade the Grasshopper, an average HuWr of Fedhas (D:4)
  8 centaurs
  Sigmund (D:7)
  Duvessa (D:8)
  17 crocodiles
  12 big kobolds
  Blork the orc (D:9)
  26 giant frogs
  A gnoll sergeant (D:7)
  21 killer bees
  5 scorpions
  4 goliath beetles
  A vampire bat (Lair:6)
  17 wights
  2 electric eels
  Dowan (D:8)
  4 giant frog zombies
  A jelly (D:11)
  14 hounds
  Crazy Yiuf (D:2)
  26 orc priests
  9 crimson imps
  29 worker ants
  A giant frog skeleton (D:10)
  21 orc wizards
  16 sheep
  11 iguanas
  Jessica (D:2)
  2 mummies
  A worker ant zombie (D:5)
  32 adders
  11 gnolls
  6 shadow imps
  87 river rats
  4 giant mites
  3 worms
  An adder zombie (D:8)
  6 giant geckos
  208 orcs
  3 bat skeletons
  8 giant cockroaches
  21 goblins
  23 hobgoblins
  13 quokkas
  2 ball pythons
  18 bats
  A giant gecko zombie (D:5)
  6 giant newts
  A hobgoblin zombie (D:6)
  8 jackals
  A jackal skeleton (D:4)
  41 kobolds
  2 kobold zombies (D:6)
  An orc zombie (D:6)
  17 rats
  7 ballistomycetes (D:8)
  2 fungi
  2 plants
1102 creatures vanquished.

Vanquished Creatures (collateral kills)
  3 death yaks (Lair:8)
  2 yaks (Lair:8)
5 creatures vanquished.

Vanquished Creatures (others)
  An unseen horror (shapeshifter) (Lair:8)
  An ugly thing (Lair:8)
  A wolf (Lair:4)
  A slave (D:8)
  A centaur (D:8)
  A giant frog (D:8)
  A wight (D:8)
  A crimson imp (D:10)
  An iguana (Lair:4)
  A hobgoblin (D:8)
  2 giant spores (D:8)
  A kobold (D:11)
  7 fungi (Lair:8)
  9 plants
29 creatures vanquished.

Grand Total: 1136 creatures vanquished

Notes
Turn   | Place    | Note
--------------------------------------------------------------
     0 | D:1      | MrRokkomies, the High Elf Warper, began the quest for the Orb.
     0 | D:1      | Reached XP level 1. HP: 14/14 MP: 4/4
    82 | D:1      | Reached XP level 2. HP: 6/20 MP: 6/6
   358 | D:1      | Learned a level 2 spell: Blink
   364 | D:1      | Learned a level 2 spell: Shroud of Golubria
   399 | D:1      | HP: 1/20 [hobgoblin/club (5)]
   982 | D:1      | Reached XP level 3. HP: 25/25 MP: 8/8
  1537 | D:2      | Noticed Crazy Yiuf
  1544 | D:2      | Killed Crazy Yiuf
  1544 | D:2      | Reached skill level 4 in Long Blades
  1544 | D:2      | Reached XP level 4. HP: 14/31 MP: 4/11
  2189 | D:2      | Noticed Jessica
  2209 | D:2      | Killed Jessica
  2365 | D:2      | Gained mutation: You are resistant to electric shocks. [potion of mutation]
  2365 | D:2      | Gained mutation: Scrolls take you a little longer to read. [potion of mutation]
  2467 | D:3      | Found a blossoming altar of Fedhas.
  2507 | D:3      | Found a stormy altar of Qazlal.
  2517 | D:3      | Reached XP level 5. HP: 28/37 MP: 10/12
  2641 | D:3      | Reached skill level 5 in Long Blades
  2721 | D:3      | Learned a level 2 spell: Repel Missiles
  3231 | D:3      | Reached XP level 6. HP: 44/44 MP: 15/15
  3320 | D:3      | Reached skill level 1 in Charms
  3409 | D:3      | Found an opulent altar of Gozag.
  3409 | D:3      | Found a sacrificial altar of Ru.
  3414 | D:3      | Became a worshipper of Gozag Ym Sagoz the Greedy
  3432 | D:3      | Learned a level 2 spell: Swiftness
  3518 | D:4      | Noticed bitcomrade's ghost (average HuWr)
  3615 | D:4      | Killed bitcomrade's ghost
  3615 | D:4      | Reached skill level 6 in Long Blades
  3754 | D:4      | Reached skill level 5 in Fighting
  3794 | D:4      | Found a glowing golden altar of the Shining One.
  3869 | D:4      | Reached XP level 7. HP: 43/50 MP: 14/17
  4604 | D:5      | Entered Level 5 of the Dungeon
  4623 | D:5      | Reached skill level 7 in Long Blades
  4958 | D:5      | Reached XP level 8. HP: 38/57 MP: 18/18
  4960 | D:5      | Reached skill level 8 in Long Blades
  5602 | D:5      | Reached skill level 9 in Long Blades
  6049 | D:6      | Found a shadowy altar of Dithmenos.
  6533 | D:6      | Reached XP level 9. HP: 29/64 MP: 7/20
  6560 | D:6      | Reached skill level 10 in Long Blades
  7100 | D:7      | Found a staircase to the Ecumenical Temple.
  7207 | D:7      | Noticed Sigmund
  7217 | D:7      | Killed Sigmund
  7434 | D:7      | Found a shattered altar of Ashenzari.
  7569 | D:7      | Reached skill level 11 in Long Blades
  7674 | D:8      | Noticed Duvessa
  7674 | D:8      | Noticed Dowan
  7684 | D:8      | Killed Duvessa
  7694 | D:8      | Killed Dowan
  7799 | D:8      | Noticed Edmund
  7801 | D:8      | Noticed Joseph
  7906 | D:8      | Noticed Pikel
  7946 | D:8      | Killed Pikel
  7946 | D:8      | Reached skill level 10 in Fighting
  7946 | D:8      | Reached XP level 10. HP: 52/74 MP: 9/21
  7954 | D:8      | Killed Edmund
  7999 | D:8      | Reached skill level 12 in Long Blades
  8096 | D:8      | Killed Joseph
  8122 | D:8      | Found a snail-covered altar of Cheibriados.
  8466 | D:8      | Noticed a centaur skeleton
  8473 | D:8      | Killed a centaur skeleton
  8763 | D:8      | Reached skill level 5 in Dodging
  9145 | D:9      | Reached skill level 13 in Long Blades
  9847 | D:9      | Noticed Blork the orc
  9850 | D:9      | Killed Blork the orc
  9999 | D:10     | Entered Level 10 of the Dungeon
 10004 | D:10     | Noticed runewalsh's ghost (powerful OpIE)
 10171 | D:9      | Reached XP level 11. HP: 38/79 MP: 11/22
 10347 | D:10     | Killed runewalsh's ghost
 10443 | D:10     | Found Tiqixyik's Gadget Boutique.
 10688 | D:10     | Reached skill level 14 in Long Blades
 10787 | D:10     | Noticed a three-headed hydra
 10798 | D:10     | Killed a one-headed hydra
 11062 | D:10     | Found a staircase to the Lair.
 11252 | D:10     | Bought a +4 rod of shadows (13/13) for 1177 gold pieces
 11335 | Lair:1   | Entered Level 1 of the Lair of Beasts
 11421 | Lair:1   | Reached skill level 1 in Evocations
 11881 | Lair:1   | Reached skill level 15 in Long Blades
 12293 | Lair:1   | Learned a level 3 spell: Portal Projectile
 12400 | Lair:2   | Reached skill level 1 in Armour
 12448 | Lair:2   | Reached skill level 10 in Dodging
 12520 | Lair:2   | Reached skill level 1 in Bows
 12544 | Lair:2   | Identified the Guide on Stolen Souls
 12611 | Lair:2   | Got a jet-encrusted leather armour
 12622 | Lair:2   | Identified the cursed +0 leather armour of Jigsaw {rElec rN+ Int-4} (You found it on level 2 of the Lair of Beasts)
 12768 | Lair:2   | Reached XP level 12. HP: 63/85 MP: 16/23
 13199 | Lair:3   | Found a frozen archway.
 13207 | IceCv    | Entered an ice cave
 13446 | IceCv    | Noticed an ice dragon
 13446 | IceCv    | Noticed an ice dragon
 13463 | IceCv    | Killed an ice dragon
 13474 | IceCv    | Killed an ice dragon
 13474 | IceCv    | Reached skill level 5 in Bows
 14060 | Lair:3   | Identified a scroll of acquirement
 14111 | Lair:3   | Gained mutation: You tend to lose your temper in combat. [mutagenic glow]
 14115 | Lair:3   | Reached skill level 5 in Armour
 14129 | Lair:3   | Reached skill level 5 in Evocations
 14134 | Lair:3   | Found a staircase to the Snake Pit.
 14717 | Lair:3   | Found a staircase to the Shoals.
 14960 | Lair:3   | Noticed a seven-headed hydra
 14974 | Lair:3   | Killed a one-headed hydra
 15154 | D:10     | Gained mutation: You are dopey. (Int -2) [potion of mutation]
 15154 | D:10     | Gained mutation: You are partially covered in yellow scales (AC +2). [potion of mutation]
 15154 | D:10     | Gained mutation: You are surrounded by a mild repulsion field (EV +2). [potion of mutation]
 15170 | Lair:1   | Lost mutation: You tend to lose your temper in combat. [potion of cure mutation]
 15170 | Lair:1   | Lost mutation: You are partially covered in yellow scales (AC +2). [potion of cure mutation]
 15170 | Lair:1   | Lost mutation: You are dopey. (Int -2) [potion of cure mutation]
 15175 | Lair:1   | Learned a level 3 spell: Regeneration
 16231 | Lair:4   | Reached XP level 13. HP: 34/90 MP: 21/26
 16820 | D:11     | Found a staircase to the Orcish Mines.
 18058 | D:10     | Upgraded the game from 0.16-a0-3246-g12054e0 to 0.16-a0-3253-g5709529
 18386 | Lair:5   | Reached skill level 10 in Bows
 21587 | D:12     | Found Roosudonu's Antique Armour Shop.
 21595 | D:12     | Bought an agate-encrusted troll leather armour for 660 gold pieces
 21595 | D:12     | Bought a fine ring mail for 297 gold pieces
 21612 | D:12     | Identified the cursed +2 troll leather armour "Wiffator" {Str+2 Int+3} (You bought it in a shop on level 12 of the Dungeon)
 21624 | D:12     | Identified the +2 ring mail "Clibear" {Slay+6} (You bought it in a shop on level 12 of the Dungeon)
 22432 | Lair:6   | Found an ancient bone altar of Kikubaaqudgha.
 23369 | Lair:5   | Reached skill level 10 in Evocations
 23375 | Lair:5   | Reached XP level 14. HP: 71/97 MP: 30/30
 23452 | Lair:6   | Reached skill level 10 in Armour
 26029 | Lair:8   | Entered Level 8 of the Lair of Beasts
 26029 | Lair:8   | Found a burning altar of Makhleb.
 26306 | Lair:8   | Found a stormy altar of Qazlal.
 27950 | Lair:7   | Reached skill level 16 in Long Blades
 28785 | Lair:8   | Found a staircase to the Slime Pits.
 29170 | Orc:1    | Entered Level 1 of the Orcish Mines
 29540 | Orc:2    | Found Shruivuarch's Armour Shoppe.
 30268 | Orc:2    | Reached XP level 15. HP: 107/107 MP: 28/31
 30652 | Orc:3    | Found a roughly hewn altar of Beogh.
 31172 | Orc:3    | Found Paolamp's Gadget Emporium.
 31187 | Orc:3    | Found a staircase to the Elven Halls.
 31195 | Orc:3    | Bought a disc of storms for 200 gold pieces
 31363 | Orc:4    | Entered Level 4 of the Orcish Mines
 31402 | Orc:4    | Found a roughly hewn altar of Beogh.
 31402 | Orc:4    | Found Jutul's Gadget Shoppe.
 31833 | Orc:4    | Reached skill level 17 in Long Blades
 32135 | Orc:4    | Found Yraef's Antique Weapon Shop.
 32135 | Orc:4    | Found a roughly hewn altar of Beogh.
 32144 | Orc:4    | Found Ohyveyte's Antique Armour Boutique.
 32179 | Orc:4    | Found a roughly hewn altar of Beogh.
 32268 | Orc:4    | Found a roughly hewn altar of Beogh.
 32295 | Orc:4    | Found Kluuwn's Antique Armour Boutique.
 32301 | Orc:4    | Bought a glowing helmet for 94 gold pieces
 32387 | Orc:4    | Found a roughly hewn altar of Beogh.
 32677 | Orc:4    | Bought a shimmering leather armour for 147 gold pieces
 32687 | Orc:4    | Identified the cursed -2 leather armour of the Hall of Blades {rF+ Slay+4} (You bought it in a shop on level 4 of the Orcish Mines)
 32749 | Orc:4    | Bought a +3 rod of inaccuracy (12/12) for 1400 gold pieces
 32749 | Orc:4    | Bought a fan of gales for 560 gold pieces
 32749 | Orc:4    | Bought a phial of floods for 560 gold pieces
 32828 | D:13     | Noticed Sonja
 32842 | D:13     | Killed Sonja
 33004 | D:13     | HP: 2/109 [orc warrior/glaive (26)]
 33130 | D:13     | Noticed Psyche
 33145 | D:13     | Starved to death

Action                   |  1- 3 |  4- 6 |  7- 9 | 10-12 | 13-15 || total
-------------------------+-------+-------+-------+-------+-------++-------
Melee: Falchion          |   123 |   276 |   483 |   277 |       ||  1159
       Long sword        |       |       |       |   136 |       ||   136
       Scimitar          |       |       |       |   778 |   214 ||   992
       Great sword       |       |       |       |       |  1630 ||  1630
 Fire: Blowgun           |       |       |    23 |    20 |       ||    43
       Shortbow          |       |       |       |     8 |   173 ||   181
Throw: Stone             |     3 |    12 |    10 |     2 |       ||    27
       Throwing net      |       |       |       |     1 |     3 ||     4
 Cast: Shroud of Golubri |     2 |     9 |    25 |    30 |    52 ||   118
       Repel Missiles    |       |     1 |     5 |     4 |     8 ||    18
       Blink             |       |       |     4 |     7 |     5 ||    16
       Apportation       |       |       |     2 |     1 |     2 ||     5
       Swiftness         |       |       |       |       |     2 ||     2
       Portal Projectile |       |       |       |       |     3 ||     3
Invok: Potion Petition   |       |       |     1 |     1 |     9 ||    11
       Call Merchant     |       |       |       |     2 |     1 ||     3
Evoke: Wand              |       |       |     2 |     2 |     4 ||     8
       Rod               |       |       |       |       |     4 ||     4
  Use: Scroll            |     2 |     8 |    13 |    15 |    11 ||    49
       Potion            |     1 |     2 |     4 |     9 |     5 ||    21
 Stab: Fleeing           |       |       |     1 |       |       ||     1
       Distracted        |       |       |     1 |     4 |     7 ||    12
       Invisible         |       |       |       |     7 |       ||     7
       Sleeping          |       |       |       |     2 |     1 ||     3
       Petrified         |       |       |       |       |     4 ||     4
       Held in net/web   |       |       |       |       |     1 ||     1
  Eat: Chunk             |     2 |     7 |       |       |       ||     9
       Beef jerky        |       |     1 |     1 |       |     1 ||     3
       Fruit             |       |       |     7 |     6 |     8 ||    21
       Bread ration      |       |       |     2 |     3 |     5 ||    10
       Pizza             |       |       |       |     8 |       ||     8
       Meat ration       |       |       |       |       |     5 ||     5
       Royal jelly       |       |       |       |       |     2 ||     2
